 Dungeon Crawl Stone Soup version 0.18.1-48-g4cf74bf (webtiles) character file.

4430 GFox the Blocker (level 10, 0/86 HPs)
             Began as a Minotaur Fighter on Aug 2, 2016.
             Was a Priest of the Shining One.
             Slain by a wight
             ... wielding a +0 spear
              (4 damage)
             ... on level 8 of the Dungeon.
             The game lasted 00:46:13 (7091 turns).

GFox the Blocker (Minotaur Fighter)                 Turns: 7091, Time: 00:46:14

Health: 0/86       AC: 14    Str: 24    XL:     10   Next: 14%
Magic:  9/9        EV: 14    Int:  5    God:    the Shining One [***...]
Gold:   466        SH: 14    Dex: 10    Spells: 0 memorised, 9 levels left

rFire  . . .     SeeInvis .     a - +1 war axe
rCold  . . .     Gourm    .     m - +2 robe of Buylorha {rN+ Regen+ rCorr}
rNeg   + + +     Faith    .     l - +2 shield
rPois  .         Spirit   .     (helmet restricted)
rElec  .         Dismiss  .     n - +0 cloak
rCorr  +         Reflect  .     r - +0 pair of gloves
SustAt .         Harm     .     s - +2 pair of boots
MR     .....                    (no amulet)
Stlth  +.........               v - ring of positive energy
                                z - +4 ring of protection

@: lethally poisoned (0 -> -2), glowing, not resistant to hostile enchantments,
very unstealthy
A: retaliatory headbutt, horns 2
a: Divine Shield, Renounce Religion


You were on level 8 of the Dungeon.
You worshipped the Shining One.
The Shining One was most pleased with you.
You were not hungry.

You visited 1 branch of the dungeon, and saw 8 of its levels.

You collected 466 gold pieces.

Inventory:

Hand Weapons
 a - a +1 war axe (weapon)
Armour
 l - a +2 shield (worn)
 m - the +2 robe of Buylorha (worn) {rN+ Regen+ rCorr}
   (You found it on level 5 of the Dungeon)

   It protects you from negative energy.
   It increases your rate of regeneration.
   It protects you from acid and corrosion.
 n - a +0 cloak (worn)
 r - a +0 pair of gloves (worn)
 s - a +2 pair of boots (worn)
Jewellery
 c - an uncursed ring of flight
 v - a ring of positive energy (right hand)
 z - a +4 ring of protection (left hand)
Wands
 h - a wand of iceblast (10/15)
 p - a wand of digging (11/24)
 x - a wand of paralysis (14/24)
 E - a wand of confusion (20/48)
 G - a wand of paralysis (22/24)
Scrolls
 e - 4 scrolls of teleportation
 g - 2 scrolls of recharging
 q - a scroll of remove curse
 t - a scroll of torment {unknown}
 u - 3 scrolls of amnesia
 w - 3 scrolls of fog
 y - a scroll of silence {unknown}
 A - a scroll of identify
 F - a scroll of acquirement {unknown}
Potions
 b - a potion of cancellation {unknown}
 d - 3 potions of might
 i - 4 potions of curing
 j - 5 potions of brilliance
 k - a potion of agility
 B - a potion of cure mutation {unknown}
 C - a potion of ambrosia {unknown}
 H - 2 potions of invisibility {unknown}
 J - a potion of mutation {unknown}
Comestibles
 f - 8 bread rations
 o - 3 fruits
 D - 3 chunks of flesh


   Skills:
 + Level 7.5 Fighting
 + Level 8.5 Axes
 + Level 6.3 Armour
 + Level 8.7 Dodging
 + Level 1.9 Stealth
 + Level 9.5 Shields


You had 9 spell levels left.
You didn't know any spells.

Dungeon Overview and Level Annotations

Branches:
Dungeon (8/15)             Temple (0/1) D:7
   Lair: D:8-11

Altars:
Dithmenos
Kikubaaqudgha
Makhleb
Okawaru
Ru
Trog
Xom
Yredelemnul
The Shining One


Innate Abilities, Weirdness & Mutations

You reflexively headbutt those who attack you in melee.
You have a pair of horns on your head.


Message History

You barely miss the orc priest.
The orc priest is moderately wounded.
You feel sick. The wight closely misses you. The wight barely misses you.
You block the wight's attack. x3
You closely miss the wight.
The wight is severely damaged.
You slash the orc priest!
The orc priest is almost dead.
You hit the wight.
The wight is severely damaged.
You feel sick.
The orc priest mumbles some strange prayers to Beogh against you.
Beogh smites you!
* * * LOW HITPOINT WARNING * * *
You block the wight's attack.
The wight hits you from afar with a halberd.
* * * LOW HITPOINT WARNING * * *
The wight closely misses you.
The wight hits you from afar with a spear.
You die...

.### ...###
##...###
###.<.#
###...## #
##...## #
#...###### #
#....oo######
#
#...@zo.....
#
#...#z.".###
#
#..##zz....#
# #..#
....... #
#..# .......
# ##..#
....... ###
#...# .......
.<## #...#
....... ...#
#...#


You could see 4 wights, an orc priest and 2 orcs.

Vanquished Creatures
  Maurice (D:8)
  The ghost of humperndinck the Changer, an amateur NaTm of Makhleb (D:6)
  Prince Ribbit (D:7)
  3 hungry ghosts
  A hippogriff (D:6)
  Menkaure (D:7)
  A water moccasin (D:6)
  Duvessa (D:7)
  An ice beast (D:5)
  3 ogres
  A phantom (D:4)
  A black bear (D:6)
  4 centaurs
  2 big kobolds
  2 giant frogs
  A scorpion (D:4)
  Dowan (D:7)
  5 wights
  6 killer bees (D:8)
  2 howler monkeys (D:6)
  4 crimson imps
  A centaur skeleton (D:8)
  5 hounds
  4 orc priests
  A gnoll shaman (D:5)
  An iguana (D:5)
  2 giant frog skeletons
  Crazy Yiuf (D:3)
  Natasha (twice) (D:3)
  6 orc wizards
  3 worker ants
  8 gnolls
  8 adders
  2 oozes
  An adder zombie (D:5)
  3 worms
  3 dart slugs
  8 giant geckos
  25 orcs
  4 giant cockroaches
  8 goblins
  10 hobgoblins
  13 jackals
  13 kobolds
  2 quokkas
  A ball python (D:5)
  A bat (D:3)
  A giant cockroach zombie (D:5)
  6 giant newts
  A jackal skeleton (D:4)
  5 rats
192 creatures vanquished.

Notes
Turn   | Place    | Note
--------------------------------------------------------------
     0 | D:1      | GFox the Minotaur Fighter began the quest for the Orb.
     0 | D:1      | Reached XP level 1. HP: 19/19 MP: 0/0
   105 | D:1      | Reached XP level 2. HP: 25/27 MP: 1/1
   850 | D:2      | Reached XP level 3. HP: 33/33 MP: 2/2
   939 | D:2      | Reached skill level 4 in Shields
  1016 | D:2      | Reached skill level 1 in Dodging
  1094 | D:2      | Reached XP level 4. HP: 11/40 MP: 3/3
  1527 | D:3      | Reached XP level 5. HP: 13/47 MP: 4/4
  2557 | D:3      | Noticed Crazy Yiuf
  2806 | D:3      | Killed Crazy Yiuf
  2806 | D:3      | Reached skill level 5 in Armour
  2806 | D:3      | Reached XP level 6. HP: 46/53 MP: 0/5
  2900 | D:3      | Noticed Natasha
  2907 | D:3      | Killed Natasha
  2907 | D:3      | Reached skill level 5 in Shields
  3005 | D:3      | Noticed Natasha
  3009 | D:3      | Killed Natasha
  3287 | D:4      | Found a glowing golden altar of the Shining One.
  3304 | D:4      | Became a worshipper of the Shining One
  3435 | D:4      | Reached skill level 5 in Axes
  3435 | D:4      | Reached XP level 7. HP: 58/60 MP: 6/6
  3640 | D:4      | Reached skill level 5 in Fighting
  3912 | D:5      | Entered Level 5 of the Dungeon
  3942 | D:5      | Found a bloodstained altar of Trog.
  3985 | D:5      | Reached skill level 1 in Stealth
  4110 | D:5      | HP: 2/61 [orc priest/nerve-wracking pain (7)]
  4113 | D:5      | Reached * piety under the Shining One
  4452 | D:5      | Got an ancient robe
  4463 | D:5      | Identified the +2 robe of Buylorha {rN+ Regen+ rCorr} (You found it on level 5 of the Dungeon)
  4565 | D:5      | Found a burning altar of Makhleb.
  4571 | D:5      | Reached skill level 6 in Shields
  4642 | D:5      | Reached XP level 8. HP: 59/69 MP: 7/7
  4691 | D:5      | Found an iron altar of Okawaru.
  5074 | D:6      | Found an ancient bone altar of Kikubaaqudgha.
  5075 | D:6      | Found a shadowy altar of Dithmenos.
  5076 | D:6      | Noticed humperndinck's ghost (amateur NaTm)
  5094 | D:6      | Killed humperndinck's ghost
  5094 | D:6      | Reached skill level 5 in Dodging
  5119 | D:6      | Found a shimmering altar of Xom.
  5260 | D:6      | Reached skill level 7 in Shields
  5271 | D:6      | Reached XP level 9. HP: 77/77 MP: 8/8
  5533 | D:6      | Found a sacrificial altar of Ru.
  5536 | D:6      | Found a basalt altar of Yredelemnul.
  5542 | D:6      | Reached ** piety under the Shining One
  5799 | D:7      | Noticed Duvessa
  5799 | D:7      | Noticed Dowan
  5806 | D:7      | Killed Dowan
  5808 | D:7      | Killed Duvessa
  5811 | D:7      | Reached skill level 8 in Shields
  5846 | D:7      | Noticed Prince Ribbit
  5863 | D:7      | Killed Prince Ribbit
  6017 | D:7      | Noticed Menkaure
  6021 | D:7      | Killed Menkaure
  6147 | D:7      | Found a staircase to the Ecumenical Temple.
  6563 | D:8      | Reached skill level 9 in Shields
  6640 | D:8      | Noticed Maurice
  6995 | D:8      | Killed Maurice
  6995 | D:8      | Reached XP level 10. HP: 70/86 MP: 9/9
  7004 | D:8      | Reached *** piety under the Shining One
  7091 | D:8      | HP: 4/86 [wight/halberd (1)]
  7091 | D:8      | Slain by a wight

Skill      XL: |  1  2  3  4  5  6  7  8  9 |
---------------+----------------------------+-----
Armour         | 4 5 6 |  6.3
Fighting       | 4 5 6 7 |  7.5
Shields        | 4 5 6 7 9 |  9.5
Dodging        | 1 2 3 4 6 8 |  8.7
Axes           | 3 4 5 6 8 |  8.5
Stealth        | 1 |  1.9

Action                   |  1- 3 |  4- 6 |  7- 9 | 10-12 || total
-------------------------+-------+-------+-------+-------++-------
Melee: War axe           |   114 |   132 |   254 |    27 ||   527
       Headbutt          |    11 |    16 |    33 |     1 ||    61
  Use: Potion            |       |     6 |     5 |       ||    11
       Scroll            |       |     1 |    13 |       ||    14
  Eat: Chunk             |     1 |     6 |     5 |     1 ||    13
       Fruit             |       |     2 |     2 |       ||     4
       Meat ration       |       |       |     2 |     1 ||     3
Armor: Scale mail        |    44 |    80 |     7 |       ||   131
       Skin              |       |       |    25 |       ||    25
       Robe              |       |       |    62 |    16 ||    78
Dodge: Dodged            |    35 |    62 |   122 |    32 ||   251
Block: Shield            |    68 |    77 |   211 |    47 ||   403
